 Dungeon Crawl Stone Soup version 0.29-a0-998-g1987434951 (webtiles) character file.

Game seed: 13353689423916393824

2 xian the Vexing (level 1, 0/16 HPs)
             Began as a Draconian Arcane Marksman on Aug 5, 2022.
             Frozen to death by an endoplasm (3 damage)
             ... on level 1 of the Dungeon.
             The game lasted 00:00:26 (36 turns).

xian the Vexing (Draconian Arcane Marksman)           Turns: 36, Time: 00:00:26

Health: 0/16       AC:  4    Str: 12    XL:     1   Next: 25%
Magic:  2/2        EV: 12    Int: 13    God:
Gold:   0          SH:  0    Dex: 11    Spells: 1/2 levels left

rFire   . . .      SeeInvis .   a - +1 sling
rCold   . . .      Faith    .   (no shield)
rNeg    . . .      Spirit   .   (body armour unavailable)
rPois   .          Reflect  .   (helmet restricted)
rElec   .          Harm     .   (no cloak)
rCorr   .          Rampage  .   (no gloves)
Will    .....                   (no boots)
Stlth   +.........              (no amulet)
HPRegen 0.05/turn               (no ring)
MPRegen 0.08/turn               (no ring)

@: no status effects
A: AC +4, unfitting armour, cold-blooded
a: no special abilities


You were on level 1 of the Dungeon.
You visited 1 branch of the dungeon, and saw 1 of its levels.

Inventory:

Hand Weapons
 a - a +1 sling (weapon)
Scrolls
 b - a scroll of vulnerability


   Skills:
 + Level 1.1 Fighting
 + Level 1.8 Ranged Weapons
 + Level 1.9 Dodging
 + Level 1.0 Spellcasting
 + Level 2.6 Hexes


You had one spell level left.
You knew the following spells:

 Your Spells              Type           Power      Damage    Failure   Level
a - Slow                  Hex            28%        N/A       10%         1

Your spell library contained the following spells:

 Spells                   Type           Power      Damage    Failure   Level
 Inner Flame              Hex/Fire       4%         N/A       43%         3
 Portal Projectile        Hex/Tloc       8%         N/A       43%         3
 Cause Fear               Hex            3%         N/A       67%         4


Dungeon Overview and Level Annotations

Branches:
Dungeon (1/15)

Altars:


Innate Abilities, Weirdness & Mutations

Your plain brown scales are hard. (AC +4)
You cannot fit into any form of body armour.
You are cold-blooded and may be slowed by cold attacks.


Message History

The frilled lizard closely misses you.
You shoot a sling bullet.
The sling bullet barely misses the frilled lizard.
The frilled lizard barely misses you.
You shoot a sling bullet.
The sling bullet misses the frilled lizard.
The frilled lizard bites you. x2; The frilled lizard barely misses you.
The frilled lizard closely misses you.
You shoot a sling bullet.
The sling bullet misses the frilled lizard.
The sling bullet barely misses the endoplasm.
The frilled lizard bites you but does no damage. x2
You shoot a sling bullet.
The sling bullet misses the frilled lizard.
The sling bullet hits the endoplasm but does no damage.
The frilled lizard closely misses you. The frilled lizard bites you.
You shoot a sling bullet.
The sling bullet hits the frilled lizard.
You kill the frilled lizard!
The frilled lizard barely misses you. The endoplasm freezes you.
You are frozen.
* * * LOW HITPOINT WARNING * * *
The frilled lizard bites you.
* * * LOW HITPOINT WARNING * * *
Fire: a) +1 sling
Press: ? - help, Q - select action, (/) - cycle Shift-Dir - straight line, f - endoplasm
Aim: an endoplasm (83% to hit)
You shoot a sling bullet.
The sling bullet hits the endoplasm but does no damage.
The endoplasm hits you but does no damage.
The frilled lizard barely misses you.
Fire: a) +1 sling
Press: ? - help, Q - select action, (/) - cycle Shift-Dir - straight line, f/p - endoplasm
Aim: an endoplasm (83% to hit)
You shoot a sling bullet.
The sling bullet hits the endoplasm but does no damage.
The endoplasm freezes you.
You are frozen.
You die...

. #. #.## # ... .#####
#.###...... ###.
#.J@l.# ...##.#.### ##
#...#.#.######### .P.P
#...#.#.....)....
....♣#...#.#..########
P.PPP#.#.#....#
P.PP.#.#.....##
.♣PPP#.......#
....P#...###.#


You could see an endoplasm and a frilled lizard.

Vanquished Creatures
  A hobgoblin (D:1)
  A frilled lizard (D:1)
2 creatures vanquished.

Notes
Turn   | Place    | Note
-------+----------+-------------------------------------------
     0 | D:1      | xian the Draconian Arcane Marksman began the quest for the
                  | Orb.
     0 | D:1      | Reached XP level 1. HP: 16/16 MP: 2/2
    36 | D:1      | Frozen to death by an endoplasm

Illustrated notes

Levels and vault maps discovered:
D:1:      minmay_arrival_arboretum_small, layout_loops_ring, serial_shops,
          nicolae_shop_stone, grunt_decor_fettered

Action                   || total
-------------------------++-------
 Fire: Sling             ||    18
 Cast: Slow              ||     1
Armor: Skin              ||     6
Dodge: Dodged            ||    12

Table legend: (Time is in decaauts)
 A = Elapsed time spent in this place.
 B = Non-inter-level travel time spent in this place.
 C = Inter-level travel time spent in this place.
 D = Time resting spent in this place.
 E = Time spent auto-exploring this place.
 F = Levels seen in this place.
 G = Mean time per level.
                   A        B        C        D        E       F      G
               +--------+--------+--------+--------+--------+-----+--------+
         Total |     41 |     41 |      0 |      0 |     16 |   1 |   41.0 |
       Dungeon |     41 |     41 |      0 |      0 |     16 |   1 |   41.0 |
               +--------+--------+--------+--------+--------+-----+--------+

Top non-repeatable levels by time:
     D:1: 41 daAuts
